Match 38758324
Unlisted

Match 38758324
End
Kettenkrad Recon Vehicle
Construct Infanterie Kompanie
Selects Breakthrough Battlegroup
Selects Assault Grenadiers
MG 42 Machine Gun Team
Grenadier Squad
Grenadier Squad
Grenadier Squad
Pioneer Squad
Construct Panzergrenadier Kompanie
Selects Smoke Bombing Run
Selects Rapid Production
251 Medium Carrier
Pak 40 Anti-tank Gun Team
MG 42 Machine Gun Team
Panzergrenadier Squad
Selects Smoke Bombing Run
Selects Incendiary Bombing Run
Incendiary Bombing Run
Construct Panzer Kompanie
AI Takeover
LuckiLuke
Cpt. Colter Stevens
SoulFight
Random_Target
Turtleboy
Humbarwhy
0
0

Comments sign in to comment!

No comments posted yet!